Map: Blackpink LE

Players

Maziwa

  • Race: Zerg Zerg
  • League: Diamond
  • Spawn Location: 1:00

Dauntless - Winner!

  • Race: Zerg Zerg
  • Spawn Location: 7:00

VOD

Have the link to the VOD?

Description

Time

  • Played on: March 26, 2018, 7:48 p.m.
  • Length: 3:57
Show
View Real Time Build Order
Export as new Build Order

Maziwa Zerg 

Build Orders: Hatch First 

Get SALT Encoding   

  12  0:00  Drone  
  13  0:08  Drone  
  14  0:17  Overlord  
  14  0:25  Drone, Extractor  
  15  0:36  Drone x2  
  17  0:52  Hatchery  
  17  0:57  Drone  
  17  0:59  Drone  
  17  1:01  Extractor  
  17  1:15  Spawning Pool  
  17  1:18  Drone  
  17  1:21  Drone  
  18  1:30  Drone  
  19  1:37  Overlord  
  19  2:02  Queen  
  19  2:03  Metabolic Boost  
  19  2:04  Queen  
  19  2:05  Zergling x2  
  19  2:07  Zergling x2  
  25  2:12  Drone  
  25  2:14  Drone  
  27  2:16  Drone  
  27  2:20  Drone  
  29  2:27  Drone  
  30  2:45  Drone, Hatchery  
  30  2:51  Baneling Nest  
  30  2:52  Drone  
  30  2:56  Drone  
  30  2:57  Drone  
  32  3:07  Overlord  
  30  3:13  Zergling x8  
  30  3:15  Zergling x2  
  30  3:17  Zergling x2  
  36  3:27  Zergling x8  
  38  3:53  Hatchery  
Show
View Real Time Build Order
Export as new Build Order

Dauntless Zerg - Winner!

Build Orders: Pool First 

Get SALT Encoding   

  12  0:02  Drone  
  13  0:13  Overlord  
  13  0:17  Drone  
  14  0:26  Extractor  
  13  0:36  Spawning Pool  
  13  0:40  Drone  
  13  0:44  Drone  
  13  0:49  Drone  
  15  0:57  Drone  
  15  1:03  Drone  
  17  1:26  Hatchery  
  17  1:29  Drone  
  17  1:35  Metabolic Boost  
  17  1:39  Drone  
  18  1:43  Drone  
  19  1:48  Zergling x2  
  20  1:56  Overlord  
  20  2:05  Burrow  
  20  2:07  Zergling x2  
  21  2:17  Zergling x2  
  22  2:27  Baneling Nest  
  22  2:28  Zergling x2  
  22  2:40  Queen  
  22  2:41  Zergling x4  
  26  2:49  Zergling x4  
  28  3:06  Zergling x4  
  28  3:11  Zergling x4  
  32  3:19  Queen  
  34  3:21  Baneling  
  34  3:23  Zergling x4  
  36  3:27  Baneling  
  36  3:33  Overlord  
  36  3:41  Baneling  
Tags
 
League
Diamond
Matchup
ZvZ
Race
Zerg
Spawn Locations
Cross Positions
Add a new tag
Caveats
  • Supply blocks, unpowered buildings, or Contaminate may cause inaccurate times.
  • Supply counts are checked every 10 seconds.